 Dungeon Crawl Stone Soup version 0.32-a0-22-g6ae6769602 (webtiles) character file.

Game seed: 14208821797009975287

15668 Lobster4 the Fighter (level 12, -1/104 HPs)
             Began as a Hill Orc Fire Elementalist on Jan 18, 2024.
             Was an Elder of the Shining One.
             Killed from afar by a tengu conjurer (28 damage)
             ... with a bolt of lightning
             ... on level 13 of the Dungeon.
             The game lasted 00:44:36 (17684 turns).

Lobster4 the Fighter (Hill Orc Fire Elementalist)  Turns: 17684, Time: 00:44:37

Health: -1/104     AC: 16    Str: 14    XL:     12   Next: 29%
Magic:  19/19      EV: 11    Int: 20    God:    the Shining One [****..]
Gold:   326        SH:  0    Dex: 16    Spells: 14/21 levels left

rFire   + . .        d - +4 hand axe
rCold   . . .        (no shield)
rNeg    + + .        G - +2 ring mail {rPois}
rPois   +            (no helmet)
rElec   .            C - scarf {repulsion}
rCorr   .            S - +1 pair of gloves "Quppukh" {Int+3}
SInv    .            c - +0 pair of boots of Hotaogu {Dex+5}
Will    .....        (no amulet)
Stlth   +            j - ring of protection from fire
HPRegen 0.37/turn    L - +4 ring of protection
MPRegen 0.16/turn

%: repel missiles
@: mighty, glowing
A: no striking features
a: Renounce Religion, Divine Shield, Cleansing Flame


You were on level 13 of the Dungeon.
You worshipped the Shining One.
The Shining One was greatly pleased with you.
You visited 2 branches of the dungeon, and saw 14 of its levels.
You also visited: Gauntlet.

You collected 1001 gold pieces.
You spent 675 gold pieces at shops.

Inventory:

Hand Weapons
 d - a +4 hand axe (weapon)
 k - a +0 dagger of electrocution
 y - a +4 dagger of venom
 F - a +3 hand cannon of flaming
Missiles
 f - 27 poisoned darts
 g - a curare-tipped dart
 p - a throwing net
 V - 4 atropa-tipped darts
Armour
 c - the +0 pair of boots of Hotaogu (worn) {Dex+5}
   (You acquired it on level 11 of the Dungeon)

   Dex+5:     It affects your dexterity (+5).
 C - a scarf of repulsion (worn)
 G - a +2 ring mail of poison resistance (worn)
 J - +0 steam dragon scales
 O - +0 acid dragon scales
 S - the +1 pair of gloves "Quppukh" (worn) {Int+3}
   (You found it in a Gauntlet)

   Int+3:     It affects your intelligence (+3).
Magical Staves
 T - a staff of alchemy
Jewellery
 j - a ring of protection from fire (left hand)
 n - a +5 ring of evasion
 t - a ring of wizardry
 v - a ring of positive energy
 A - a +6 ring of strength
 K - a ring of see invisible
 L - a +4 ring of protection (right hand)
Wands
 x - a wand of light (23)
 B - a wand of flame (5)
 I - a wand of roots (18)
 U - a wand of mindburst (6)
Scrolls
 a - 4 scrolls of enchant weapon
 e - a scroll of acquirement
 i - a scroll of identify
 m - a scroll of torment
 s - 4 scrolls of teleportation
 u - 3 scrolls of fog
 z - a scroll of vulnerability {unknown}
 D - a scroll of revelation
 N - a scroll of silence
 Q - 2 scrolls of brand weapon
Potions
 b - 4 potions of magic
 h - 3 potions of haste
 l - 3 potions of lignification
 q - a potion of resistance
 r - 2 potions of brilliance {unknown}
 w - a potion of ambrosia
 E - 4 potions of curing
 R - a potion of invisibility
Miscellaneous
 M - a phantom mirror
 P - a lightning rod (4/4)


   Skills:
 + Level 9.2 Fighting
 + Level 7.2 Axes
 - Level 5.0 Ranged Weapons
 + Level 8.4 Armour
 - Level 2.0 Dodging
 - Level 1.5 Stealth
 - Level 5.0 Spellcasting
 + Level 7.7 Conjurations
 + Level 9.1 Fire Magic
 + Level 8.2 Invocations
 - Level 3.0 Evocations


You had 14 spell levels left.
You knew the following spells:

 Your Spells              Type           Power      Damage    Failure   Level
a - Foxfire               Conj/Fire      100%       2x1d9     1%          1
b - Scorch                Fire           82%        2d8       1%          2
d - Flame Wave            Conj/Fire      38%        2d10      6%          4

Your spell library contained the following spells:

 Spells                   Type           Power      Damage    Failure   Level
 Sting                    Conj/Alch      80%        1d8       4%          1
 Inner Flame              Hex/Fire       23%        N/A       10%         3
 Volatile Blastmotes      Fire/Tloc      46%        2d13      10%         3
 Hailstorm                Conj/Ice       20%        3d7       13%         3
 Mercury Vapours          Alch/Air       10%        N/A       30%         2
 Sticky Flame             Fire/Alch      23%        2d6       32%         4
 Summon Ice Beast         Ice/Summ       5%         N/A       52%         3
 Olgreb's Toxic Radiance  Alch           5%         N/A       90%         4
 Sculpt Simulacrum        Ice/Alch       2%         N/A       100%        6


Dungeon Overview and Level Annotations

Branches:
Dungeon (13/15)            Temple (1/1) D:7            Lair (0/5) D:10
    Orc (0/2) D:11        Gauntlet (visited)
 Vaults: D:13-14

Altars:
Ashenzari
Cheibriados
Dithmenos
Elyvilon
Fedhas
Gozag
Hepliaklqana
Kikubaaqudgha
Makhleb
Nemelex Xobeh
Okawaru
Qazlal
Ru
Sif Muna
Trog
Uskayaw
Vehumet
Wu Jian
Xom
Yredelemnul
Zin
The Shining One

Shops:
D:3 ?   D:5 *   D:8 !   D:9 [   D:10 =

Annotations:
D:5 3 runed translucent doors, soul19's ghost, novice DsFi
D:13 3 runed translucent doors, Diulaw's ghost, journeyman TeSu


Message History

You closely miss the tengu warrior.
The tengu warrior is severely wounded.
The tengu warrior blocks your attack.
The tengu warrior is severely wounded.
The tengu warrior closely misses you.
The tengu warrior pecks you but does no damage.
The tengu warrior claws you. The tengu warrior blocks your attack.
The tengu warrior is severely wounded.
You slash the tengu conjurer!
The tengu warrior hits you but does no damage.
The tengu warrior closely misses you.
The tengu warrior claws you but does no damage.
You slash the tengu conjurer!
The tengu conjurer is severely wounded.
You slash the tengu warrior!
The tengu warrior hits you with a +2 war axe!
* * * LOW HITPOINT WARNING * * *
The tengu warrior pecks you.
* * * LOW HITPOINT WARNING * * *
The tengu warrior claws you.
* * * LOW HITPOINT WARNING * * *
The tengu conjurer hits you but does no damage.
The tengu conjurer pecks you.
* * * LOW HITPOINT WARNING * * *
The tengu conjurer closely misses you.
You feel much better.
The tengu warrior hits you with a +2 war axe!
* * * LOW HITPOINT WARNING * * *
The tengu warrior pecks you but does no damage.
The tengu warrior claws you but does no damage.
The tengu conjurer gestures wildly while chanting.
The tengu conjurer conjures a globe of magical energy!
A battlesphere comes into view.
You slash the tengu conjurer!
The tengu conjurer is almost dead.
You closely miss the tengu warrior.
The tengu conjurer points at you and mumbles some strange words.
The bolt of lightning hits you!!
You die...

........####.##.#....<...
.............##..........
.........................
#.....#........#.#.......
####.#...........#.......
####..#########.....#.
#..# ..$#......... #..#
Q?..#......###
#.@#.....#....#..
+QQ*.Q...#..####..
+..'.....# #.)#######
.... .. ..... ###..##
+..+ +..+


You could see a tengu warrior, 2 tengu conjurers and a battlesphere
(distracted).

Vanquished Creatures
  A minotaur (Gauntlet)
  A centaur warrior (D:12)
  A two-headed ogre (D:12)
  A deep elf pyromancer (D:12)
  2 manticores
  A cyclops (D:11)
  2 elephants
  A smoke demon (Gauntlet)
  A gargoyle (D:13)
  2 unseen horrors
  An efreet (D:10)
  A queen bee (Gauntlet)
  A red devil (Gauntlet)
  5 trolls
  Prince Ribbit (D:5)
  3 slime creatures (D:12)
  3 centaur simulacra (Gauntlet)
  A shadow (D:11)
  A wyvern (D:9)
  5 yaks (D:10)
  Eustachio (D:5)
  3 fire bats (D:6)
  3 steam dragons (D:8)
  12 vampire mosquitoes
  3 acid dragons
  A water moccasin (D:7)
  3 orc warriors
  A black bear (D:10)
  2 sky beasts
  5 ogres
  A centaur (D:8)
  4 kobold brigands
  4 bullfrogs
  3 scorpions
  3 wights
  8 killer bees
  A lava snake (D:10)
  A howler monkey (D:10)
  2 bombardier beetles (D:7)
  3 crimson imps (Gauntlet)
  A wyvern simulacrum (Gauntlet)
  A hound (D:7)
  3 orc priests
  2 jellies
  A gnoll bouda (D:8)
  14 orc wizards
  5 iguanas
  14 gnolls
  6 adders
  2 shadow imps
  2 white imps
  2 ufetubi (D:6)
  2 ribbon worms
  4 dart slugs
  32 orcs
  3 endoplasms
  4 giant cockroaches
  6 goblins
  7 hobgoblins
  3 jackals (D:4)
  11 kobolds
  A quokka (D:3)
  9 ball pythons
  4 bats
  4 frilled lizards
  5 rats
247 creatures vanquished.

Vanquished Creatures (others)
  1048 foxfires
1048 creatures vanquished.

Grand Total: 1295 creatures vanquished

Notes
Turn   | Place    | Note
-------+----------+-------------------------------------------
     0 | D:1      | Lobster4 the Hill Orc Fire Elementalist began the quest for
                  | the Orb.
     0 | D:1      | Reached XP level 1. HP: 14/14 MP: 3/3
   225 | D:1      | Reached XP level 2. HP: 22/22 MP: 2/4
   735 | D:1      | Found a faded altar of an unknown god.
   879 | D:1      | Reached skill level 1 in Fighting
   880 | D:1      | Reached XP level 3. HP: 28/28 MP: 1/5
  1350 | D:2      | Reached skill level 1 in Armour
  1418 | D:2      | Learned a level 2 spell: Scorch
  1907 | D:2      | Reached XP level 4. HP: 32/35 MP: 0/6
  2523 | D:3      | Found a blossoming altar of Fedhas.
  2582 | D:3      | Identified the +3 sling of Infinity {heavy, rElec rF++
                  | Dex+2}
  3210 | D:3      | Found a shimmering altar of Xom.
  3213 | D:3      | Found a broken altar of Ashenzari.
  3729 | D:3      | Found Leumuvi's Magic Scroll Emporium.
  3732 | D:3      | Bought a scroll of teleportation for 36 gold pieces
  3987 | D:4      | Reached XP level 5. HP: 41/41 MP: 5/8
  4235 | D:4      | Noticed an ogre
  4545 | D:4      | Noticed an ogre
  4713 | D:5      | Entered Level 5 of the Dungeon
  4841 | D:5      | Noticed Prince Ribbit
  4849 | D:5      | Killed Prince Ribbit
  4850 | D:5      | Reached XP level 6. HP: 44/51 MP: 3/9
  4907 | D:5      | Found a runed translucent gate.
  4909 | D:5      | Found a runed translucent gate.
  4910 | D:5      | Found a runed translucent gate.
  5055 | D:5      | Found a stormy altar of Qazlal.
  5055 | D:5      | Noticed a sky beast
  5063 | D:5      | Killed a sky beast
  5064 | D:5      | Reached XP level 7. HP: 57/57 MP: 2/11
  5226 | D:5      | Reached skill level 1 in Axes
  5348 | D:5      | Found Raitrout's CLEARANCE SALE!.
  5420 | D:5      | Noticed Eustachio
  5573 | D:5      | Found a shimmering blue altar of Sif Muna.
  5681 | D:5      | Noticed soul19's ghost (novice DsFi)
  5827 | D:6      | Reached skill level 1 in Evocations
  5932 | D:6      | Reached skill level 5 in Fire Magic
  6137 | D:6      | Noticed a +0 hand axe
  6137 | D:6      | Noticed a +0 dagger
  6139 | D:6      | Found a hide-covered altar of Uskayaw.
  6304 | D:6      | Found a transporter.
  6307 | D:6      | Noticed a fire bat
  6307 | D:6      | Noticed a fire bat
  6307 | D:6      | Noticed a fire bat
  6341 | D:6      | Found a transporter.
  6453 | D:6      | Reached XP level 8. HP: 66/66 MP: 6/12
  6521 | D:6      | Found an ancient bone altar of Kikubaaqudgha.
  6547 | D:6      | Found a basalt altar of Yredelemnul.
  6715 | D:6      | Found a white marble altar of Elyvilon.
  6930 | D:6      | Found a basalt altar of Yredelemnul.
  6957 | D:6      | Found an ancient bone altar of Kikubaaqudgha.
  6985 | D:6      | Found a white marble altar of Elyvilon.
  7048 | D:6      | Found a hide-covered altar of Uskayaw.
  7124 | D:6      | Found a transporter.
  7156 | D:6      | Found a transporter.
  7341 | D:7      | Found a sacrificial altar of Ru.
  7589 | D:7      | Reached skill level 1 in Ranged Weapons
  8242 | D:7      | Found a staircase to the Ecumenical Temple.
  8252 | Temple   | Entered the Ecumenical Temple
  8273 | Temple   | Became a worshipper of the Shining One
  8373 | D:8      | Found an opulent altar of Gozag.
  8794 | D:8      | Reached skill level 5 in Fighting
  8794 | D:8      | Reached skill level 1 in Invocations
  8794 | D:8      | Reached XP level 9. HP: 72/74 MP: 0/14
  9709 | D:8      | Reached skill level 5 in Armour
  9962 | D:8      | Found Pesoxkos's Distillery.
  9970 | D:8      | Bought a potion of degeneration for 15 gold pieces
 10440 | D:9      | Found Gicumym's Armour Emporium.
 10940 | D:9      | Reached skill level 5 in Axes
 11219 | D:9      | Reached skill level 5 in Conjurations
 11370 | D:10     | Entered Level 10 of the Dungeon
 11373 | D:10     | Noticed an elephant
 11396 | D:9      | Killed an elephant
 11397 | D:9      | Reached XP level 10. HP: 50/83 MP: 2/16
 12039 | D:10     | Found an iron altar of Okawaru.
 12206 | D:10     | Noticed an unseen horror
 12206 | D:10     | Reached * piety under the Shining One
 12216 | D:10     | Killed an unseen horror
 12350 | D:10     | Found a staircase to the Lair.
 12350 | D:10     | Noticed an elephant
 12363 | D:10     | Killed an elephant
 12364 | D:10     | Reached skill level 5 in Invocations
 12490 | D:10     | Found Liri's Jewellery Shop.
 12712 | D:11     | Found a gate leading to a gauntlet.
 12721 | Gauntlet | Entered a Gauntlet
 12721 | Gauntlet | Noticed a hell beast
 12721 | Gauntlet | Found a transporter.
 12721 | Gauntlet | Found a transporter.
 12722 | Gauntlet | Found a transporter.
 12725 | Gauntlet | Found a transporter.
 12725 | Gauntlet | Found a transporter.
 12731 | Gauntlet | Noticed a meliai
 12731 | Gauntlet | Noticed a meliai
 12733 | Gauntlet | Noticed a meliai
 12739 | Gauntlet | Found a transporter.
 12800 | Gauntlet | Found a transporter.
 12810 | Gauntlet | Found a transporter.
 12812 | Gauntlet | Noticed a smoke demon
 12825 | Gauntlet | Found a transporter.
 12828 | Gauntlet | Noticed a smoke demon
 12835 | Gauntlet | Found a transporter.
 12850 | Gauntlet | Found a transporter.
 12856 | Gauntlet | Found a transporter.
 12877 | Gauntlet | Reached ** piety under the Shining One
 12925 | Gauntlet | Learned a level 4 spell: Flame Wave
 13061 | Gauntlet | Killed a smoke demon
 13068 | Gauntlet | Reached XP level 11. HP: 27/92 MP: 18/18
 13343 | Gauntlet | Reached skill level 5 in Spellcasting
 13354 | Gauntlet | Identified the +1 pair of gloves "Quppukh" {Int+3}
 13502 | Gauntlet | Noticed a minotaur
 13507 | Gauntlet | Killed a minotaur
 13535 | D:11     | Noticed a cyclops
 13546 | D:11     | Killed a cyclops
 13935 | D:11     | Noticed a manticore
 13946 | D:11     | Killed a manticore
 13947 | D:11     | Reached skill level 5 in Ranged Weapons
 14098 | D:11     | Found a staircase to the Orcish Mines.
 14100 | D:11     | Identified a scroll of acquirement
 15002 | D:11     | Acquired the +0 pair of boots of Hotaogu {Dex+5}
 15241 | D:3      | Bought a scroll of acquirement for 624 gold pieces
 15505 | D:5      | Killed Eustachio
 15903 | D:12     | Noticed a two-headed ogre
 15920 | D:12     | Killed a two-headed ogre
 16017 | D:12     | Noticed a centaur warrior
 16031 | D:12     | Killed a centaur warrior
 16374 | D:12     | Noticed a manticore
 16381 | D:12     | Killed a manticore
 16382 | D:12     | Reached XP level 12. HP: 103/103 MP: 12/19
 16483 | D:12     | Reached *** piety under the Shining One
 17379 | D:13     | Noticed Diulaw's ghost (journeyman TeSu)
 17379 | D:13     | Found a runed translucent gate.
 17379 | D:13     | Found a runed translucent gate.
 17379 | D:13     | Found a runed translucent gate.
 17669 | D:13     | Noticed a tengu warrior
 17673 | D:13     | Reached **** piety under the Shining One
 17684 | D:13     | Killed from afar by a tengu conjurer

Illustrated notes

Levels and vault maps discovered:
D:1:      dpeg_arrival_round_c, layout_basic,
          hellmonk_ecumenical_altar_heavens_door, nicolae_the_louvre
D:2:      layout_basic
D:3:      layout_basic, fedhas_altar_1, minitemple, serial_shops,
          nicolae_shop_rolled_up
D:4:      layout_basic
D:5:      layout_cave_pools, lemuel_tele_altar,
          nicolae_qazlal_beasts_of_the_sky, gammafunk_ghost_icy,
          nicolae_shop_clearance, uniq_prince_ribbit1, uniq_eustachio
D:6:      gammafunk_cloud_chamber, layout_basic, dancing_weapons_uskayaw,
          kennysheep_ying_yang, mainiacjoe_overflow_alcove_4
D:7:      layout_loops_ring, general_overflow_altar,
          minmay_temple_entry_butterflies
D:8:      layout_layer_cave, grunt_gozag_statues, serial_shops,
          nicolae_shop_industrial_runoff, serial_library,
          serial_library_hellmonk_h_bend,
          serial_library_hellmonk_recessed_alcove,
          serial_library_hellmonk_hallway_b, serial_library_hellmonk_big_corner,
          serial_library_hellmonk_recessed_alcove
D:9:      layout_rooms, serial_shops, shop
D:10:     layout_rooms, mainiacjoe_overflow_boulevard,
          grunt_lair_entry_orc_guard_hut, serial_shops,
          nicolae_inconvenience_store, item_on_display_a
D:11:     layout_long_grid, kennysheep_orc_monster_closet_entryway,
          gauntlet_entry_generic
D:12:     layout_gridville
D:13:     layout_rooms, skrybe_vaults_entry_preservation,
          gammafunk_ghost_nasty_kobolds, minivault_19
Temple:   dpeg_chambers_temple

Skill      XL: |  1  2  3  4  5  6  7  8  9 10 11 12 |
---------------+-------------------------------------+-----
Fighting       | 1 2 3 4 5 6 7 8 9 |  9.2
Armour         | 1 2 3 4 5 6 8 |  8.4
Dodging        | 2 |  2.0
Spellcasting   | 2 3 4 5 |  5.0
Conjurations   | 2 3 4 5 6 7 |  7.7
Fire Magic     | 4 5 6 7 8 9 |  9.1
Axes           | 2 3 5 6 7 |  7.2
Evocations     | 1 2 3 |  3.0
Ranged Weapons | 1 3 4 5 |  5.0
Invocations    | 1 3 5 7 8 |  8.2
Stealth        | |  1.5

Action                     |  1- 3 |  4- 6 |  7- 9 | 10-12 || total
---------------------------+-------+-------+-------+-------++-------
  Melee: Unarmed           |     1 |       |       |       ||     1
         Club              |    21 |       |       |       ||    21
         Dagger            |     4 |     5 |    41 |    58 ||   108
         Hand axe          |       |       |       |    58 ||    58
         Punch             |       |       |       |     1 ||     1
   Fire: Hand cannon       |       |       |       |    10 ||    10
  Throw: Dart              |       |       |       |     8 ||     8
         Boomerang         |       |       |       |     1 ||     1
   Cast: Foxfire           |    79 |   118 |   244 |   173 ||   614
         Scorch            |       |     9 |    47 |   103 ||   159
         Flame Wave        |       |       |       |     2 ||     2
  Evoke: Wand              |       |       |     3 |     7 ||    10
         Lightning rod     |       |       |       |     3 ||     3
    Use: Scroll            |       |       |     5 |    16 ||    21
         Potion            |       |       |       |     3 ||     3
   Stab: Sleeping          |     1 |       |       |       ||     1
 Armour: Robe              |    24 |     7 |     3 |       ||    34
         Leather armour    |       |       |     1 |       ||     1
         Ring mail         |       |       |    88 |   226 ||   314
  Dodge: Dodged            |    22 |     5 |    80 |   199 ||   306
         Repelled          |       |       |     1 |     4 ||     5

Table legend: (Time is in decaauts)
 A = Elapsed time spent in this place.
 B = Non-inter-level travel time spent in this place.
 C = Inter-level travel time spent in this place.
 D = Time resting spent in this place.
 E = Time spent auto-exploring this place.
 F = Levels seen in this place.
 G = Mean time per level.
                   A        B        C        D        E       F      G
               +--------+--------+--------+--------+--------+-----+--------+
         Total |  17711 |  16504 |   1207 |   2617 |  11428 |  15 | 1180.7 |
       Dungeon |  16847 |  15680 |   1167 |   2210 |  11264 |  13 | 1295.9 |
        Temple |     42 |      2 |     40 |      0 |      0 |   1 |   42.0 |
      Gauntlet |    821 |    821 |      0 |    407 |    164 |   1 |  821.0 |
               +--------+--------+--------+--------+--------+-----+--------+

Top non-repeatable levels by time:
     D:8: 1919 daAuts
     D:6: 1724 daAuts
     D:3: 1616 daAuts
    D:12: 1519 daAuts
    D:11: 1451 daAuts
    D:10: 1396 daAuts
     D:1: 1351 daAuts
     D:9: 1211 daAuts
     D:5: 1162 daAuts
     D:7: 1134 daAuts
     D:2: 1098 daAuts
     D:4: 955 daAuts
Gauntlet: 821 daAuts
    D:13: 303 daAuts
  Temple: 42 daAuts
